 Dungeon Crawl Stone Soup version 0.20-a0-1058-g0491fde (webtiles) character file.

242 Alarkh the Insei (level 5, 0/41 HPs)
             Began as a Demonspawn Transmuter on Apr 26, 2017.
             Slain by a hound (5 damage)
             ... on level 4 of the Dungeon.
             The game lasted 00:07:21 (4764 turns).

Alarkh the Insei (Demonspawn Transmuter)            Turns: 4764, Time: 00:07:21

Health: 0/41       AC:  3    Str: 12    XL:     5   Next: 82%
Magic:  7/8        EV: 13    Int: 16    God:
Gold:   141        SH:  0    Dex: 13    Spells: 2/8 levels left

rFire    . . .     SeeInvis .     - Unarmed
rCold    . . .     Gourm    .   (no shield)
rNeg     . . .     Faith    +   b - +0 robe
rPois    .         Spirit   .   (no helmet)
rElec    .         Reflect  .   r - -1 cloak
rCorr    .         Harm     .   o - +0 pair of gloves
MR       .....                  (no boots)
Stlth    +.........             l - amulet of faith
Regen    0.2/turn               i - +2 ring of strength
MPRegen  0.2/turn               (no ring)

@: about to teleport, appendage (expiring)
A: horns 2, powered by death 2
a: End Transformation


You were on level 4 of the Dungeon.
You were not hungry.
You had grown temporary horns.
You visited 2 branches of the dungeon, and saw 6 of its levels.

You collected 141 gold pieces.

Inventory:

Missiles
 a - 31 arrows
Armour
 b - a +0 robe (worn)
 o - a +0 pair of gloves (worn)
 r - a -1 cloak (worn)
Jewellery
 i - a +2 ring of strength (left hand)
 l - an amulet of faith (around neck)
Wands
 g - a wand of flame (41/48)
Scrolls
 e - a scroll of identify
 h - a scroll of amnesia
 p - a scroll of enchant weapon {unknown}
 q - 2 scrolls of remove curse
 t - a scroll of immolation {unknown}
 u - 2 scrolls of random uselessness
 v - a scroll of noise {unknown}
Potions
 s - a potion of resistance
Books
 c - a book of Changes

   Spells                             Type                      Level
   a - Beastly Appendage              Transmutation                1
   b - Sticks to Snakes               Transmutation                2
   c - Spider Form                    Transmutation/Poison         3
   d - Ice Form                       Ice/Transmutation            4
   e - Blade Hands                    Transmutation                5
Comestibles
 d - 3 bread rations
 j - a royal jelly
 k - 2 chunks of flesh
 m - a meat ration


   Skills:
 + Level 3.0 Fighting
 + Level 3.1 Dodging
 * Level 4.5 Unarmed Combat
 - Level 2.0 Spellcasting
 - Level 1.7 Transmutations


You had 2 spell levels left.
You knew the following spells:

 Your Spells              Type           Power        Failure   Level  Hunger
a - Beastly Appendage     Tmut           #.....       10%         1    #......
b - Sticks to Snakes      Tmut           #.......     16%         2    ###....
c - Spider Form           Tmut/Pois      #.........   41%         3    ###....


Dungeon Overview and Level Annotations

Branches:
Dungeon (5/15)             Temple (1/1) D:4

Altars:
Cheibriados
Dithmenos
Elyvilon
Fedhas
Hepliaklqana
Kikubaaqudgha
Nemelex Xobeh
Qazlal
Trog
Uskayaw
Yredelemnul
Zin

Annotations:
D:4 Shinoi's ghost, amateur DsGl


Innate Abilities, Weirdness & Mutations

You regenerate health from kills.
You have a pair of horns on your head.


Message History

You are too injured to fight recklessly!
Casting: Sticks to Snakes
Confirm with . or Enter, or press ? or * to list all spells.
You grow a pair of large bovine horns.
The hound bites you. x2
* * * LOW HITPOINT WARNING * * *
Unknown command.
You closely miss the hound.
The hound is lightly wounded.
The hound bites you.
* * * LOW HITPOINT WARNING * * *
You closely miss the hound.
The hound is lightly wounded.
The hound closely misses you. The hound barely misses you.
Okay, then.
As you read the scroll of teleportation, it crumbles to dust.
You feel strangely unstable. The hound bites you.
* * * LOW HITPOINT WARNING * * *
Your transformation is almost over.
The hound bites you.
You die...

#.....# #### .... #.....# #.#
.... #.....# #.# .... #.....#
#.# ...8 ###.....###.# #8##
#.........#.###########
#.........#............
#.....h...#............
#.....@...#............
#.........#............
#.........#............
#.........#...................
#.................


You could see a hound.

Vanquished Creatures
  An ogre (D:4)
  Ijyb (D:3)
  5 adders
  2 worms (D:2)
  A dart slug (D:1)
  3 leopard geckos
  An orc (D:4)
  6 giant cockroaches
  8 goblins
  10 hobgoblins
  4 jackals (D:3)
  5 kobolds
  2 quokkas
  11 bats
  8 frilled lizards
  4 rats
72 creatures vanquished.

Notes
Turn   | Place    | Note
-------+----------+-------------------------------------------
     0 | D:1      | Alarkh the Demonspawn Transmuter began the quest for the Orb.
     0 | D:1      | Reached XP level 1. HP: 15/15 MP: 3/3
   392 | D:1      | Gained mutation: You regenerate a little health from kills. [demonic ancestry]
   392 | D:1      | Reached XP level 2. HP: 17/21 MP: 5/5
   415 | D:1      | Reached skill level 3 in Unarmed Combat
  1202 | D:1      | Reached XP level 3. HP: 25/27 MP: 6/6
  1206 | D:1      | Learned a level 2 spell: Sticks to Snakes
  1210 | D:1      | Learned a level 3 spell: Spider Form
  2261 | D:3      | Noticed Ijyb
  2565 | D:3      | Killed Ijyb
  2565 | D:3      | Gained mutation: You regenerate health from kills. [demonic ancestry]
  2565 | D:3      | Reached XP level 4. HP: 17/33 MP: 7/7
  3175 | D:4      | Reached skill level 4 in Unarmed Combat
  3341 | D:4      | Found a staircase to the Ecumenical Temple.
  3351 | Temple   | Entered the Ecumenical Temple
  3593 | D:4      | Reached XP level 5. HP: 21/39 MP: 8/8
  3609 | D:4      | Noticed an ogre
  3619 | D:4      | Killed an ogre
  3730 | D:4      | Noticed Shinoi's ghost (amateur DsGl)
  4099 | D:5      | Entered Level 5 of the Dungeon
  4099 | D:5      | Found a white marble altar of Elyvilon.
  4099 | D:5      | Found a basalt altar of Yredelemnul.
  4099 | D:5      | Noticed a sky beast
  4132 | D:4      | HP: 1/41 [Shinoi's ghost (11)]
  4764 | D:4      | Slain by a hound

Vault maps used:
D:1:      dpeg_arrival_tiny_d
D:3:      uniq_ijyb
D:4:      nicolae_overflow_hidden_temple, minmay_temple_entry_enclosed_plants,
          first_bread, uniq_grinder
D:5:      minitemple, serial_park_tiny_pond
Temple:   dpeg_chambers_temple

Skill      XL: |  1  2  3  4  5 |
---------------+----------------+-----
Dodging        | 2 3 |  3.1
Unarmed Combat | 3 4 |  4.5
Fighting       | 2 3 |  3.0
Spellcasting   | |  2.0
Transmutations | |  1.7

Action                   |  1- 3 |  4- 6 || total
-------------------------+-------+-------++-------
Melee: Unarmed           |   184 |   128 ||   312
       Punch             |     4 |     2 ||     6
       Kick              |    11 |     8 ||    19
       Headbutt          |     4 |     4 ||     8
 Cast: Beastly Appendage |    17 |    11 ||    28
       Sticks to Snakes  |       |     3 ||     3
       Spider Form       |       |     1 ||     1
Evoke: Wand              |       |     7 ||     7
  Use: Scroll            |     5 |     6 ||    11
       Potion            |     4 |     2 ||     6
 Stab: Invisible         |     2 |       ||     2
       Sleeping          |     1 |       ||     1
  Eat: Chunk             |     6 |     7 ||    13
Armor: Robe              |    35 |    23 ||    58
Dodge: Dodged            |   128 |   121 ||   249
